 Dungeon Crawl Stone Soup version 0.27.1-35-g4d5d836560 (console) character file.

Game seed: 207895290949127606

49 grimtooth the Conjurer (level 3, 0/19 HPs)
             Began as a Tengu Conjurer on Mar 9, 2022.
             Slain by a worm (1 damage)
             ... on level 2 of the Dungeon.
             The game lasted 00:09:40 (1489 turns).

grimtooth the Conjurer (Tengu Conjurer)             Turns: 1489, Time: 00:09:41

Health: 0/19       AC:  2    Str:  7    XL:     3   Next: 75%
Magic:  3/8        EV: 12    Int: 19    God:
Gold:   36         SH:  0    Dex: 12    Spells: 5/8 levels left

rFire    + . .     SeeInvis .   a - +0 dagger (venom)
rCold    + . .     Faith    .   (no shield)
rNeg     . . .     Spirit   .   i - +0 robe
rPois    .         Reflect  .   (helmet restricted)
rElec    .         Harm     .   c - scarf {rC+ rF+}
rCorr    .         Rampage  .   (no gloves)
Will     .....                  (boots unavailable)
Stlth    ++........             (no amulet)
HPRegen  0.06/turn              (no ring)
MPRegen  0.11/turn              (no ring)

@: no status effects
A: beak, talons 3
a: no special abilities


You were on level 2 of the Dungeon.
You visited 1 branch of the dungeon, and saw 2 of its levels.

You collected 36 gold pieces.

Inventory:

Hand Weapons
 a - a +0 dagger of venom (weapon)
 b - a +0 hunting sling
Missiles
 d - 19 stones
Armour
 c - a scarf of resistance (worn)
 i - a +0 robe (worn)
Magical Staves
 h - a staff of air
Scrolls
 f - a scroll of noise {unknown}


   Skills:
 - Level 2.1 Dodging
 - Level 2.0 Stealth
 + Level 3.0 Spellcasting
 + Level 6.2 Conjurations


You had 5 spell levels left.
You knew the following spells:

 Your Spells              Type           Power      Damage    Failure   Level
a - Magic Dart            Conj           100%       1d8       1%          1
b - Searing Ray           Conj           52%        3d5       1%          2

Your spell library contained the following spells:

 Spells                   Type           Power      Damage    Failure   Level
 Dazzling Flash           Conj/Hex       28%        N/A       13%         3
 Animate Skeleton         Necr           4%         N/A       16%         1
 Pain                     Necr           8%         1d4       16%         1
 Fulminant Prism          Conj/Hex       7%         3d7       38%         4
 Iskenderun's Mystic Bla  Conj/Tloc      14%        2d5       38%         4
 Frozen Ramparts          Ice            4%         1d2       41%         3
 Vampiric Draining        Necr           1%         2d6       41%         3
 Ice Form                 Ice/Tmut       2%         N/A       83%         4
 Summon Ice Beast         Ice/Summ       2%         N/A       83%         4


Dungeon Overview and Level Annotations

Branches:
Dungeon (2/15)

Altars:
Ru


Innate Abilities, Weirdness & Mutations

You have a beak for a mouth.
You have claws for feet.


Message History

Confirm with . or Enter, or press ? or * to list all spells.
Aiming: Magic Dart (safe; 1% risk of failure)
Press: ? - help, Shift-Dir - straight line, f - ball python
Aim: a ball python (100% to hit)
The magic dart hits the ball python.
You kill the ball python!
A rat comes into view.
Your Spellcasting skill increases to level 3!
Enter note: - dead-end...
You hit the rat but do no damage.
The rat is poisoned.
The rat bites you but does no damage.
You kill the rat!
You see here 11 arrows.
Enter note: - I'm going to be swarmed... by worms It was a potion of curing.
You feel better.
As you read the scroll labelled LIAJOGRAJIX, it crumbles to dust.
It is a scroll of amnesia.
Really abort (and waste the scroll)?
Uppercase [Y]es or [N]o only, please.
Really abort (and waste the scroll)?
Okay, then.
Casting: Magic Dart (safe; 1% risk of failure)
Confirm with . or Enter, or press ? or * to list all spells.
Aiming: Searing Ray (safe; 1% risk of failure)
Press: ? - help, Shift-Dir - straight line, f - dart slug
Aim: a dart slug (100% to hit)
Okay, then.
The worm bites you!
Ouch! That really hurt!
* * * LOW HITPOINT WARNING * * *
The dart slug barely misses you. The worm barely misses you.
The dart slug launches a dart at you. The slug dart hits you.
* * * LOW HITPOINT WARNING * * *
The worm bites you.
* * * LOW HITPOINT WARNING * * *
The dart slug launches a dart at you. The slug dart misses you.
The worm bites you.
You die...

.#...........#####
........w....#
...._..<.....#
........w....#
.............#
.........#####
..r...##†###########
...................#
......#.......######
......######.....#
>.. #@www.# ..
#..w..# . #....(#
#######


You could see 3 worms and a dart slug.

Vanquished Creatures
  An adder (D:2)
  A dart slug (D:2)
  3 bats (D:1)
  An endoplasm (D:1)
  A giant cockroach (D:1)
  3 goblins (D:1)
  5 hobgoblins
  3 jackals (D:1)
  4 kobolds
  7 ball pythons
  7 frilled lizards (D:1)
  2 rats
38 creatures vanquished.

Notes
Turn   | Place    | Note
-------+----------+-------------------------------------------
     0 | D:1      | grimtooth the Tengu Conjurer began the quest for the Orb.
     0 | D:1      | Reached XP level 1. HP: 10/10 MP: 4/4
    93 | D:1      | - jackals AGAIN
   265 | D:1      | Reached XP level 2. HP: 15/15 MP: 4/6
   430 | D:1      | Found a faded altar of an unknown god.
   709 | D:1      | Learned a level 2 spell: Searing Ray
   821 | D:1      | Reached XP level 3. HP: 19/19 MP: 4/7
   917 | D:1      | Reached skill level 6 in Conjurations
  1353 | D:2      | Found a sacrificial altar of Ru.
  1448 | D:2      | - god damn
  1476 | D:2      | - dead-end...
  1482 | D:2      | - I'm going to be swarmed... by worms
  1489 | D:2      | Slain by a worm

Illustrated notes ############# #...........# #.......###.#### #..............### #.......###.##...#### #.#.....###.##..#..#. #...........#####...# ####.######## ####. ##.@.### #. #......# ## #....#.# #.##.#.# #.##.# # #.##.# #....h.# #.......gl ##.#.##.##.# #.#.# .# #.#.. # Turn 93 on D:1: - jackals AGAIN

.<...g# ..?
#.....###...#
.........##.#
#......#.w..###
.......###....#
..........#.#.#
########...Sw.###
# #.##.....# .
####.##.gK..## .
#...)..?.#.K.# .
##..........#@# ..
.............#
#..##........##..#
.#...........#####
.............#
...._..<.....#
.............#
.............#
.........#####
..S..w##.# ......
..


Turn 1448 on D:2: - god damn ... ###..........#.# ...................#
..#..##........##..# .#...........##### ........w....# ...._..<.....#
........w....# .............# .........##### ..r...##w###########
...........w..@....# ......#...r...###### ......######.....# >.. #.....# ..
#.....# . #....(# ####### Turn 1476 on D:2: - dead-end... ...._..<.....#
........w....# .............# .........##### ..r...##†###########
...................# ......#...ww..###### ......######.w...# >.. #..w..# ..
#.....# . #....@# ####### Turn 1482 on D:2: - I'm going to be swarmed... by
worms

Levels and vault maps discovered:
D:1:      lemuel_arrival_tunnels, layout_loops_cross,
          hellmonk_ecumenical_altar_arch_garden
D:2:      layout_rooms, basic_altar, serial_shops, nicolae_shop_stone,
          minmay_heptomino_o4

Skill      XL: |  1  2  3 |
---------------+----------+-----
Conjurations   | 6 |  6.2
Spellcasting   | 3 |  3.0
Dodging        | |  2.1
Stealth        | |  2.0

Action                   || total
-------------------------++-------
Melee: Dagger            ||     1
 Cast: Magic Dart        ||    53
       Searing Ray       ||     2
  Use: Scroll            ||     1
       Potion            ||     1
Armor: Robe              ||     9
Dodge: Dodged            ||    13
